 Dungeon Crawl Stone Soup version 0.25.1-2-g60ff931df9 (webtiles) character file.

Game seed: 17143832414567492087

9139 funkygono the Basher (level 11, -6/69 HPs)
             Began as a Gargoyle Gladiator on Oct 12, 2020.
             Was a High Priest of Okawaru.
             Mangled by an earth elemental (16 damage)
             ... summoned by a deep elf mage
             ... on level 12 of the Dungeon.
             The game lasted 00:23:17 (10827 turns).

funkygono the Basher (Gargoyle Gladiator)          Turns: 10827, Time: 00:23:17

Health: -6/69      AC: 28    Str: 20    XL:     11   Next: 41%
Magic:  11/11      EV:  8    Int:  6    God:    Okawaru [*****.]
Gold:   601        SH:  0    Dex: 11    Spells: 10/10 levels left

rFire    . . .     SeeInvis .   a - +2 flail
rCold    . . .     Gourm    .   (no shield)
rNeg     + . .     Faith    +   s - +0 plate armour
rPois    ∞         Spirit   .   c - +1 helmet
rElec    +         Reflect  .   (no cloak)
rCorr    +         Harm     .   k - +1 pair of gloves
MR       .....                  x - +0 pair of boots
Stlth    ..........             v - amulet of faith
HPRegen  0.21/turn              y - -4 ring of intelligence (curse)
MPRegen  0.12/turn              j - ring of resist corrosion

@: no status effects
A: negative energy resistance 1, electricity resistance, unbreathing,
petrification resistance, rot immunity, AC +8
a: Heroism, Finesse, Renounce Religion


You were on level 12 of the Dungeon.
You worshipped Okawaru.
Okawaru was extremely pleased with you.
You were not hungry.

You visited 2 branches of the dungeon, and saw 11 of its levels.

You collected 601 gold pieces.

Inventory:

Hand Weapons
 a - a +2 flail (weapon)
 b - a +0 shortbow
 B - the +7 dire flail of Kezysh {holy, Str-2 Dex+7}
   (Okawaru gifted it to you on level 12 of the Dungeon)

   It has been blessed by the Shining One to cause great damage to the undead
   and demons.
   It affects your strength (-2).
   It affects your dexterity (+7).
 H - a +2 mace
Missiles
 d - 3 throwing nets (quivered)
 l - 160 arrows
 t - 36 bolts
Armour
 c - a +1 helmet (worn)
 g - a +0 ring mail
 k - a +1 pair of gloves (worn)
 o - a +0 chain mail
 s - a +0 plate armour (worn)
 x - a +0 pair of boots (worn)
Magical Staves
 G - an uncursed staff of fire
Jewellery
 e - an uncursed amulet of regeneration
 i - an uncursed amulet of magic regeneration
 j - a ring of resist corrosion (right hand)
 r - an uncursed ring of wizardry
 v - an amulet of faith (around neck)
 y - a cursed -4 ring of intelligence (left hand)
 D - an uncursed ring of wizardry
Wands
 w - a wand of random effects (15)
 A - a wand of disintegration (18)
Scrolls
 m - 3 scrolls of identify
 u - a scroll of teleportation
 z - a scroll of amnesia
 C - 3 scrolls of vulnerability
 E - 2 scrolls of fog
 F - a scroll of magic mapping {unknown}
Potions
 h - 2 potions of lignification
 n - 3 potions of flight
 p - 5 potions of mutation
 q - 3 potions of haste
Comestibles
 f - 19 rations
 I - 4 chunks of flesh


   Skills:
 + Level 8.4 Fighting
 + Level 11.5 Maces & Flails
 + Level 7.0 Bows
 - Level 1.7 Throwing
 + Level 8.6 Armour
 + Level 3.7 Dodging
 + Level 1.2 Invocations


You had 10 spell levels left.
You didn't know any spells.
Your spell library contained the following spells:

 Spells                   Type           Power        Failure   Level  Hunger
 Poisonous Vapours        Pois/Air       #.....       100%        2    ###....
 Conjure Flame            Conj/Fire      #.......     100%        3    ####...
 Mephitic Cloud           Conj/Pois/Air  #.......     100%        3    ####...
 Bolt of Magma            Conj/Fire/Erth #.........   100%        5    ######.
 Iskenderun's Battlesphe  Conj/Chrm      #.......     100%        5    ######.
 Freezing Cloud           Conj/Ice/Air   #.........   100%        6    #######
 Iron Shot                Conj/Erth      #.........   100%        6    #######
 Orb of Destruction       Conj           #.........   100%        7    #######
 Ring of Flames           Chrm/Fire      #.........   100%        7    #######
 Spellforged Servitor     Conj/Summ      #.........   100%        7    #######


Dungeon Overview and Level Annotations

Branches:
Dungeon (9/15)             Temple (1/1) D:5
   Lair: D:8-11         Orc: D:9-12

Altars:
Ashenzari
Cheibriados
Dithmenos
Elyvilon
Fedhas
Gozag
Hepliaklqana
Kikubaaqudgha
Makhleb
Nemelex Xobeh
Okawaru
Qazlal
Ru
Sif Muna
Trog
Uskayaw
Vehumet
Wu Jian
Xom
Yredelemnul
Zin
The Shining One

Shops:
D:4 (   D:7 =


Innate Abilities, Weirdness & Mutations

You are resistant to torment.
Your stone body is resilient. (AC +8)
You are immune to poison.
You resist negative energy. (rN+)
You are resistant to electric shocks. (rElec)
You can survive without breathing.
You are immune to petrification.
You are immune to rotting.


Message History

The deep elf mage hits you but does no damage.
The earth elemental hits you!
You closely miss the deep elf mage.
The deep elf mage is lightly wounded.
The deep elf mage casts a spell at you.
The stone arrow hits you but does no damage.
You sock the deep elf mage!
The deep elf mage is moderately wounded.
The deep elf mage hits you but does no damage.
The earth elemental hits you but does no damage.
You sock the deep elf mage!
The deep elf mage is severely wounded.
The earth elemental hits you!
* * * LOW HITPOINT WARNING * * *
The deep elf mage hits you with a +0 short sword.
* * * LOW HITPOINT WARNING * * *
You completely miss the deep elf mage.
The deep elf mage is severely wounded.
The earth elemental misses you. The earth elemental hits you!
You die...

[....# #.....#
#####.....#
#.........#
#.........#
#.....^...#
#.........###....#....
#(..Ee##.........# ...
#...E@...##......# ...
#####....##......# ..
#............# #.
#..........# ##.
####..........#####..
#.........)..>.......
#....................
#.......###########..
#................##..


You could see 2 earth elementals and a deep elf mage.

Vanquished Creatures
  A manticore (D:8)
  2 cyclopes (D:12)
  A komodo dragon (D:9)
  3 trolls
  Prince Ribbit (D:6)
  A hippogriff (D:9)
  A wyvern (D:12)
  10 yaks (D:9)
  A hungry ghost (D:12)
  Duvessa (D:4)
  An acid dragon (D:8)
  A water moccasin (D:5)
  2 orc warriors (D:8)
  3 ice beasts
  2 sky beasts (D:12)
  An eye of draining (D:8)
  5 ogres
  A necrophage (D:6)
  2 phantoms (D:5)
  3 centaurs (D:5)
  A crocodile (D:12)
  2 big kobolds (D:8)
  3 bullfrogs
  Dowan (D:4)
  4 scorpions
  9 wights (D:9)
  5 electric eels
  2 howler monkeys
  2 centaur zombies
  7 crimson imps
  2 hounds
  2 bullfrog zombies
  3 jellies
  A quasit (D:8)
  4 orc priests
  2 iguanas (D:7)
  6 worker ants
  7 orc wizards
  A killer bee zombie (D:8)
  4 hound skeletons
  2 worker ant zombies
  3 gnolls (D:3)
  9 adders
  An adder zombie (D:9)
  3 adder skeletons
  A dart slug (D:1)
  5 worms
  6 leopard geckos
  39 orcs
  3 giant cockroaches
  4 goblins
  6 hobgoblins
  2 jackals (D:6)
  5 kobolds
  2 quokkas
  2 ball pythons
  A ball python skeleton (D:5)
  3 bats (D:1)
  6 frilled lizards
  2 leopard gecko skeletons (D:4)
  11 rats
  4 plants (D:6)
231 creatures vanquished.

Vanquished Creatures (others)
  An orc (D:6)
  3 plants (D:6)
4 creatures vanquished.

Grand Total: 235 creatures vanquished

Notes
Turn   | Place    | Note
-------+----------+-------------------------------------------
     0 | D:1      | funkygono the Gargoyle Gladiator began the quest for the
                  | Orb.
     0 | D:1      | Reached XP level 1. HP: 12/12 MP: 1/1
   147 | D:1      | Reached XP level 2. HP: 16/17 MP: 2/2
   947 | D:2      | Reached XP level 3. HP: 21/22 MP: 3/3
  1158 | D:2      | Reached skill level 1 in Armour
  1349 | D:2      | Reached skill level 4 in Maces & Flails
  1597 | D:2      | Reached XP level 4. HP: 27/27 MP: 4/4
  2026 | D:3      | Reached XP level 5. HP: 28/32 MP: 5/5
  2328 | D:3      | Reached skill level 5 in Maces & Flails
  2343 | D:3      | Reached XP level 6. HP: 26/37 MP: 6/6
  2644 | D:4      | Noticed Duvessa
  2655 | D:4      | Killed Duvessa
  2657 | D:4      | Noticed Dowan
  2695 | D:4      | Killed Dowan
  2695 | D:4      | Reached skill level 6 in Maces & Flails
  2695 | D:4      | Reached XP level 7. HP: 3/41 MP: 7/7
  3585 | D:4      | Found Xacvuph's Weapon Emporium.
  3732 | D:5      | Entered Level 5 of the Dungeon
  3732 | D:5      | Found a staircase to the Ecumenical Temple.
  3754 | Temple   | Entered the Ecumenical Temple
  3852 | Temple   | Became a worshipper of Warmaster Okawaru
  3974 | D:5      | Reached skill level 7 in Maces & Flails
  4011 | D:5      | Reached XP level 8. HP: 45/48 MP: 8/8
  4204 | D:5      | Reached * piety under Okawaru
  4204 | D:5      | Reached skill level 1 in Bows
  4521 | D:5      | Found an opulent altar of Gozag.
  5241 | D:6      | Reached skill level 5 in Fighting
  6059 | D:6      | Reached XP level 9. HP: 41/54 MP: 9/9
  6198 | D:6      | Reached skill level 5 in Armour
  6326 | D:6      | Reached ** piety under Okawaru
  6533 | D:6      | Noticed Prince Ribbit
  6562 | D:6      | Killed Prince Ribbit
  6562 | D:6      | Reached skill level 8 in Maces & Flails
  7500 | D:7      | Found Dolesarph's Jewellery Shoppe.
  7760 | D:8      | Reached skill level 5 in Bows
  7883 | D:8      | Noticed a troll
  7902 | D:8      | Noticed a manticore
  7926 | D:8      | Killed a troll
  7926 | D:8      | Reached *** piety under Okawaru
  7926 | D:8      | Reached skill level 9 in Maces & Flails
  7959 | D:8      | Reached XP level 10. HP: 41/61 MP: 0/10
  7978 | D:8      | Killed a manticore
  9019 | D:9      | Reached **** piety under Okawaru
  9019 | D:9      | Reached skill level 10 in Maces & Flails
  9176 | D:9      | Found a burning altar of Makhleb.
  9550 | D:9      | Reached ***** piety under Okawaru
  9550 | D:9      | Reached skill level 1 in Invocations
  9713 | D:9      | Reached XP level 11. HP: 68/68 MP: 11/11
  9840 | D:9      | Found a shimmering altar of Xom.
  9864 | D:9      | Reached skill level 11 in Maces & Flails
 10030 | D:9      | You fall into a shaft and drop 3 floors!
 10030 | D:12     | Found a blossoming altar of Fedhas.
 10030 | D:12     | Noticed a cyclops
 10081 | D:12     | Killed a cyclops
 10314 | D:12     | Received a gift from Okawaru
 10317 | D:12     | Got a shimmering dire flail {god gift}
 10318 | D:12     | Identified the +7 dire flail of Kezysh {holy, Str-2 Dex+7}
                  | (Okawaru gifted it to you on level 12 of the Dungeon)
 10342 | D:12     | Noticed a cyclops
 10350 | D:12     | Killed a cyclops
 10807 | D:12     | Noticed a deep elf mage
 10827 | D:12     | Mangled by an earth elemental

Illustrated notes

Levels and vault maps discovered:
D:1:      dpeg_arrival_rooms_c, layout_basic, minmay_tetromino_l2
D:2:      layout_basic, first_ration, dk_noncrumbling_3
D:3:      layout_rooms
D:4:      layout_loops_ring, serial_shops, nicolae_shop_behind_doors,
          minmay_misc_feat_more_columns, st_stairs_14, uniq_duvessa
D:5:      layout_basic, minmay_temple_entry_statues_pillars,
          nicolae_gozag_seed_capital
D:6:      layout_loops_ring, serial_bayou, serial_bayou_pond_a,
          serial_bayou_lake_a, serial_bayou_lagoon_a, serial_bayou_shore_b,
          uniq_prince_ribbit1
D:7:      layout_gridville, serial_shops, shop
D:8:      layout_basic, minmay_pinched_square
D:9:      hangedman_cross_stitches, layout_basic, kennysheep_mini, the_bakery,
          xom_teletrap_fun
D:12:     minmay_inner_zag, layout_basic, fedhas_altar_2
Temple:   kilobyte_greek_temple

Skill      XL: |  1  2  3  4  5  6  7  8  9 10 11 |
---------------+----------------------------------+-----
Armour         | 1 2 3 4 6 8 |  8.6
Maces & Flails | 4 5 6 7 9 10 11 | 11.5
Fighting       | 3 4 5 6 8 |  8.4
Dodging        | 3 |  3.7
Bows           | 3 5 6 7 |  7.0
Invocations    | 1 |  1.2
Throwing       | |  1.7

Action                   |  1- 3 |  4- 6 |  7- 9 | 10-12 || total
-------------------------+-------+-------+-------+-------++-------
Melee: Flail             |    92 |   184 |   485 |   367 ||  1128
       Punch             |       |       |       |     4 ||     4
       Dire flail        |       |       |       |     8 ||     8
 Fire: Shortbow          |       |       |    92 |    85 ||   177
Invok: Heroism           |       |       |     2 |     8 ||    10
  Use: Scroll            |     7 |     4 |     6 |     1 ||    18
       Potion            |       |     1 |       |     3 ||     4
  Eat: Chunk             |     2 |     4 |    17 |     9 ||    32
       Ration            |       |       |       |     1 ||     1
Armor: Leather armour    |    19 |       |       |       ||    19
       Ring mail         |    27 |    12 |       |       ||    39
       Chain mail        |       |    44 |       |       ||    44
       Plate armour      |       |    83 |   286 |   251 ||   620
Dodge: Dodged            |    60 |    99 |   120 |    90 ||   369
